 Dungeon Crawl Stone Soup version 0.29-a0-22-gbf593b16ee (webtiles) character file.

Game seed: 9945119526611213305

85 HallandMoats the Skirmisher (level 4, -5/40 HPs)
             Began as a Ghoul Monk on Jan 29, 2022.
             Slain by Natasha (7 damage)
             ... on level 3 of the Dungeon.
             The game lasted 00:02:09 (2013 turns).

HallandMoats the Skirmisher (Ghoul Monk)            Turns: 2013, Time: 00:02:10

Health: -5/40      AC:  6    Str: 16    XL:     4   Next: 48%
Magic:  3/3        EV: 11    Int:  5    God:
Gold:   98         SH:  0    Dex: 11    Spells: 3/3 levels left

rFire   . . .      SeeInvis .     - Unarmed
rCold   + . .      Faith    .   (no shield)
rNeg    + + +      Spirit   .   b - +0 ring mail
rPois   ∞          Reflect  .   (no helmet)
rElec   .          Harm     .   (no cloak)
rCorr   .          Rampage  .   (no gloves)
Will    .....                   e - +0 pair of boots
Stlth   +.........              (no amulet)
HPRegen 0.00/turn               (no ring)
MPRegen 0.08/turn               (no ring)

@: inhibited regen
A: claws 1, cold resistance 1, negative energy resistance 3, inhibited
regeneration, torment resistance 2
a: no special abilities


You were on level 3 of the Dungeon.
You visited 1 branch of the dungeon, and saw 3 of its levels.

You collected 98 gold pieces.

Inventory:

Armour
 b - a +0 ring mail (worn)
 e - a +0 pair of boots (worn)
Scrolls
 a - a scroll of brand weapon {unknown}
 c - 2 scrolls of identify {unknown}
 g - a scroll of noise {unknown}
 i - a scroll of immolation {unknown}
Potions
 d - a potion of resistance {unknown}
 f - a potion of attraction {unknown}
 h - a potion of magic {unknown}


   Skills:
 * Level 4.3 Fighting
 + Level 0.9 Armour
 + Level 3.0 Dodging
 - Level 2.1 Stealth
 * Level 4.1 Unarmed Combat
 + Level 1.0 Invocations


You had 3 spell levels left.
You didn't know any spells.
Your spell library contained the following spells:

 Spells                   Type           Power      Damage    Failure   Level
 Fireball                 Conj/Fire      0%         3d3       100%        5
 Iskenderun's Battlesphe  Conj           0%         2d6       100%        5
 Conjure Ball Lightning   Conj/Air       0%         3x3d6     100%        6
 Orb of Destruction       Conj           0%         9d5       100%        7


Dungeon Overview and Level Annotations

Branches:
Dungeon (3/15)

Altars:
Xom

Annotations:
D:3 Natasha


Innate Abilities, Weirdness & Mutations

You thrive by killing the living.
You are immune to poison.
You have sharp fingernails.
Your flesh is cold resistant. (rC+)
You are immune to negative energy. (rN+++)
You do not regenerate when monsters are visible.
You are immune to unholy pain and torment.


Message History

The magic dart hits you.
You closely miss Natasha. Natasha claws you.
You are too injured to fight recklessly!
You are too injured to fight recklessly!
You are too injured to fight recklessly!
You are too injured to fight recklessly!
You are too injured to fight recklessly!
You are too injured to fight recklessly!
You are too injured to fight recklessly!
You are too injured to fight recklessly!
You are too injured to fight recklessly!
You are too injured to fight recklessly!
You are too injured to fight recklessly!
You are too injured to fight recklessly!
You are too injured to fight recklessly!
You are too injured to fight recklessly!
You are too injured to fight recklessly!
You are too injured to fight recklessly!
You are too injured to fight recklessly!
You are too injured to fight recklessly!
You are too injured to fight recklessly!
You are too injured to fight recklessly!
You are too injured to fight recklessly!
You are too injured to fight recklessly!
You barely miss Natasha. Your claw misses Natasha. Natasha claws you.
You barely miss Natasha. Natasha barely misses you.
You barely miss Natasha. Natasha claws you.
* * * LOW HITPOINT WARNING * * *
You scratch Natasha.
Natasha is heavily wounded.
Natasha claws you.
* * * LOW HITPOINT WARNING * * *
You barely miss Natasha.
Natasha is heavily wounded.
Natasha claws you.
* * * LOW HITPOINT WARNING * * *
You barely miss Natasha. You claw Natasha!
Natasha is almost dead.
Natasha claws you!
You die... ####################### ................@h....# #####################.#

You could see Natasha.

Vanquished Creatures
  3 adders
  2 worms
  3 dart slugs
  5 ball pythons
  6 endoplasms
  2 giant cockroaches (D:2)
  5 goblins
  3 hobgoblins
  4 quokkas
  4 bats
  3 frilled lizards (D:1)
  5 kobolds (D:2)
45 creatures vanquished.

Notes
Turn   | Place    | Note
-------+----------+-------------------------------------------
     0 | D:1      | HallandMoats the Ghoul Monk began the quest for the Orb.
     0 | D:1      | Reached XP level 1. HP: 19/19 MP: 0/0
   121 | D:1      | Reached XP level 2. HP: 24/26 MP: 1/1
   698 | D:2      | Reached XP level 3. HP: 33/33 MP: 2/2
   932 | D:2      | Found a shimmering altar of Xom.
  1354 | D:2      | Reached XP level 4. HP: 40/40 MP: 3/3
  1913 | D:3      | Reached skill level 1 in Invocations
  2001 | D:3      | Noticed Natasha
  2012 | D:3      | HP: 2/40 [Natasha (2)]
  2013 | D:3      | Slain by Natasha

Illustrated notes

Levels and vault maps discovered:
D:1:      nzn_arrival_crosshair, layout_loops_ring
D:2:      layout_loops_corners, kennysheep_flooded_box, kennysheep_minor_cross
D:3:      layout_basic, chequers_mini_garden, grunt_ministairs_9, uniq_natasha

Skill      XL: |  1  2  3  4 |
---------------+-------------+-----
Fighting       | 4 |  4.3
Unarmed Combat | 4 |  4.1
Dodging        | 3 |  3.0
Invocations    | 1 |  1.0
Armour         | |  0.9
Stealth        | |  2.1

Action                   |  1- 3 |  4- 6 || total
-------------------------+-------+-------++-------
Melee: Unarmed           |    74 |    48 ||   122
       Punch             |     2 |     2 ||     4
 Stab: Sleeping          |     2 |     1 ||     3
Armor: Ring mail         |    16 |    12 ||    28
Dodge: Dodged            |    35 |    19 ||    54

Table legend: (Time is in decaauts)
 A = Elapsed time spent in this place.
 B = Non-inter-level travel time spent in this place.
 C = Inter-level travel time spent in this place.
 D = Time resting spent in this place.
 E = Time spent auto-exploring this place.
 F = Levels seen in this place.
 G = Mean time per level.
                   A        B        C        D        E       F      G
               +--------+--------+--------+--------+--------+-----+--------+
         Total |   2004 |   1934 |     70 |      0 |   1624 |   3 |  668.0 |
       Dungeon |   2004 |   1934 |     70 |      0 |   1624 |   3 |  668.0 |
               +--------+--------+--------+--------+--------+-----+--------+

Top non-repeatable levels by time:
     D:2: 895 daAuts
     D:1: 692 daAuts
     D:3: 416 daAuts
